 Dungeon Crawl Stone Soup version 0.23.1 (webtiles) character file.

Game seed: 0

205 Borgoz the Skirmisher (level 5, 0/46 HPs)
             Began as a Ghoul Monk on Mar 15, 2019.
             Was a Believer of Ashenzari.
             Killed by divine providence
             ... invoked by an orc priest
              (15 damage)
             ... on level 3 of the Dungeon.
             The game lasted 00:08:08 (2812 turns).

Borgoz the Skirmisher (Ghoul Monk)                  Turns: 2812, Time: 00:08:09

Health: 0/46       AC:  7    Str: 15    XL:     5   Next: 83%
Magic:  4/4        EV: 12    Int: 11    God:    Ashenzari [**....]
Gold:   147        SH:  0    Dex: 11    Spells: 4/4 levels left

rFire    . . .     SeeInvis .   a - +0 short sword
rCold    + . .     Gourm    .   (no shield)
rNeg     + + +     Faith    .   r - +0 leather armour
rPois    ∞         Spirit   .   k - +1 helmet
rElec    .         Reflect  .   (no cloak)
rCorr    .         Harm     .   n - +0 pair of gloves
MR       .....                  q - +0 pair of boots (curse)
Stlth    ++........             o - amulet of magic regeneration
HPRegen  0.00/turn              (no ring)
MPRegen  0.34/turn              (no ring)

@: brilliant, rotting
A: rotting body, claws 1, carnivore, cold resistance 1, negative energy
resistance 3, inhibited regeneration, torment resistance, unbreathing
a: Curse Item, Scrying, Renounce Religion


You were on level 3 of the Dungeon.
You worshipped Ashenzari.
Ashenzari was pleased with you.
You were not hungry.

You visited 1 branch of the dungeon, and saw 3 of its levels.

You collected 147 gold pieces.

Inventory:

Hand Weapons
 a - a +0 short sword (weapon)
Missiles
 h - 6 tomahawks (quivered)
Armour
 k - a +1 helmet (worn)
 m - a +0 plate armour
 n - a +0 pair of gloves (worn)
 q - a cursed +0 pair of boots (worn)
 r - a +0 leather armour (worn)
Jewellery
 o - an amulet of magic regeneration (around neck)
Scrolls
 b - a scroll of fear {unknown}
 d - 3 scrolls of teleportation {unknown}
 e - a scroll of random uselessness {unknown}
 i - a scroll of fog {unknown}
 j - 2 scrolls of enchant weapon
Potions
 f - a potion of cancellation
 g - a potion of brilliance
 l - a potion of agility
Comestibles
 c - 2 rations
 p - a chunk of flesh


   Skills:
 + Level 3.9 Fighting
 * Level 3.7 Short Blades
 * Level 2.4 Armour
 + Level 3.3 Dodging
 + Level 3.4 Stealth


You had 4 spell levels left.
You didn't know any spells.
Your spell library was empty.

Dungeon Overview and Level Annotations

Branches:
Dungeon (3/15)

Altars:
Ashenzari
Vehumet
Zin

Annotations:
D:3 1 runed translucent door, Flogoulo's ghost, amateur TeAE


Innate Abilities, Weirdness & Mutations

Your body is rotting away.
You thrive on raw meat.
You are immune to poison.
You have sharp fingernails.
You are carnivorous and can eat meat at any time.
Your flesh is cold resistant. (rC+)
You are immune to negative energy. (rN+++)
You do not regenerate when monsters are visible.
You are immune to unholy pain and torment.
You can survive without breathing.


Message History

The giant cockroach is severely wounded.
The giant cockroach bites you.
Some of the chunks of flesh in your inventory have rotted away.
You barely miss the giant cockroach.
The giant cockroach is severely wounded.
The giant cockroach barely misses you.
The orc shouts!
You hit the giant cockroach.
You kill the giant cockroach!
The orc priest mumbles some strange prayers to Beogh against you.
Beogh smites you!
It was a potion of brilliance.
You feel clever all of a sudden.
The orc priest mumbles some strange prayers to Beogh against you.
Beogh smites you!
The orc priest begins to cast a cantrip, but forgets the words!
Okay, then.
The orc priest calls down the wrath of Beogh upon you.
Beogh smites you!
You die...

#.......... ,, #######
#.......... , ......#
##........?. , ,
#####.######.,.........o.
, .# #.#......
#.......... ,
.####.......)
#......o...,,
............. #...o......
.......###+## #...#####**
...........#####@o......#
#..#....###.............#
....#...# #...........$.#
######..###.............#
###.##....+...>.........#
...#.#..###.............#
**
####.#.....#####.........
, , .##.##..##.#
#........ * ##.###.....#
....... *


You could see 2 orc priests and 2 orcs.

Vanquished Creatures
  Natasha (thrice) (D:2)
  5 adders
  An ooze (D:3)
  3 worms
  3 leopard geckos
  2 orcs (D:3)
  4 ball pythons
  5 giant cockroaches
  6 goblins
  10 hobgoblins
  A jackal (D:3)
  A quokka (D:2)
  9 bats
  7 frilled lizards
  6 kobolds
  4 rats
70 creatures vanquished.

Notes
Turn   | Place    | Note
-------+----------+-------------------------------------------
     0 | D:1      | Borgoz the Ghoul Monk began the quest for the Orb.
     0 | D:1      | Reached XP level 1. HP: 19/19 MP: 0/0
   199 | D:1      | Reached XP level 2. HP: 21/26 MP: 1/1
   488 | D:1      | Reached skill level 1 in Armour
   642 | D:1      | Reached XP level 3. HP: 25/31 MP: 2/2
  1483 | D:2      | Found a glowing silver altar of Zin.
  1496 | D:2      | Found a shattered altar of Ashenzari.
  1504 | D:2      | Became a worshipper of Ashenzari the Shackled
  1504 | D:2      | Reached * piety under Ashenzari
  1504 | D:2      | Reached ** piety under Ashenzari
  1597 | D:2      | Reached XP level 4. HP: 36/38 MP: 3/3
  1858 | D:2      | Noticed Natasha
  1877 | D:2      | Killed Natasha
  1898 | D:3      | Found a radiant altar of Vehumet.
  1919 | D:3      | Noticed Flogoulo's ghost (amateur TeAE)
  2023 | D:2      | Noticed Natasha
  2030 | D:2      | Killed Natasha
  2030 | D:2      | Reached XP level 5. HP: 36/46 MP: 4/4
  2463 | D:2      | Noticed Natasha
  2470 | D:2      | Killed Natasha
  2564 | D:3      | Found a runed translucent door.
  2812 | D:3      | Killed from afar by an orc priest

Skill      XL: |  1  2  3  4 |
---------------+-------------+-----
Armour         | 1 2 |  2.4
Short Blades   | 3 |  3.7
Dodging        | 3 |  3.3
Stealth        | 3 |  3.4
Fighting       | |  3.9

Action                   |  1- 3 |  4- 6 || total
-------------------------+-------+-------++-------
Melee: Short sword       |   161 |   160 ||   321
  Use: Scroll            |     5 |     1 ||     6
       Potion            |       |     2 ||     2
 Stab: Sleeping          |     3 |     7 ||    10
  Eat: Chunk             |     6 |    12 ||    18
Armor: Robe              |    42 |    34 ||    76
       Leather armour    |       |    14 ||    14
Dodge: Dodged            |   103 |   113 ||   216
